 Dungeon Crawl Stone Soup version 0.28.0-45-g0d030f2227 (webtiles) character file.

Game seed: 2054607966126799140

386043 IcySys the Devastator (level 22, -1/192 (240) HPs)
             Began as an Octopode Earth Elementalist on May 13, 2022.
             Was an Initiate of Gozag.
             Slain by a spriggan defender
             ... wielding a +4 demon whip of draining
              (6 damage)
             ... on level 1 of the Depths on May 15, 2022.
             The game lasted 04:27:35 (102511 turns).

IcySys the Devastator (OpEE)                      Turns: 102511, Time: 04:27:35

HP:   -1/192 (240)  AC:  8    Str:  8    XL:     22   Next: 62%
MP:   3/44          EV: 29    Int: 28    God:    Gozag
Gold: 11332         SH: 19    Dex: 16    Spells: 4/39 levels left

rFire   + . .      SeeInvis +   d - +3 whip "Wehonisu" {pain, Will+ Stlth+}
rCold   + . .      Faith    .   k - +5 kite shield {AC+3}
rNeg    . . .      Spirit   .   (helmet restricted)
rPois   +          Reflect  .   X - amulet of magic regeneration
rElec   +          Harm     .   A - ring of magical power
rCorr   +          Rampage  .   r - +4 ring of protection
Will    ++...                   U - ring of the Briny Deep {rElec rPois}
Stlth   ..........              T - ring of the Little Devil {EV+4 SInv}
HPRegen 0.42/turn               p - ring of ice
MPRegen 0.69/turn               Z - ring of protection from fire
                                P - ring of protection from fire
                                V - ring "Fulydeog" {rCorr EV+4 Dex+4}

@: mighty, berserking, heavily drained, very quick
A: almost no armour, amphibious, 8 rings, camouflage 1, gelatinous body 1,
(nimble swimmer 1), tentacles
}: 3/15 runes: serpentine, barnacled, silver
a: Renounce Religion, Potion Petition, Call Merchant, Bribe Branch


You were on level 1 of the Depths.
You worshipped Gozag.
Gozag was extremely pleased with you.
You visited 8 branches of the dungeon, and saw 39 of its levels.
You visited 1 bazaar.
You also visited: Gauntlet.

You collected 18308 gold pieces.
You spent 4078 gold pieces at shops.
You paid 2898 gold pieces to Gozag.

Inventory:

Hand Weapons
 d - the +3 whip "Wehonisu" (weapon) {pain, Will+ Stlth+}
   (You found it on level 1 of the Snake Pit)

   In the hands of one skilled in necromantic magic, it inflicts extra damage on
   living creatures.
   Will:      It increases your willpower.
   Stlth:     It makes you more stealthy.
 l - a +6 demon trident of pain
 v - the +9 whip of the Arena {vorpal, rC+ rN+}
   (You took it off a salamander on level 4 of the Snake Pit)

   It inflicts extra damage upon your enemies.
   rC:        It protects you from cold.
   rN:        It protects you from negative energy.
 Q - the +0 staff of Battle
   (You acquired it on level 1 of the Vaults)

   It enhances your conjuration magic.
   It summons a battlesphere in combat, with strength depending on Conjurations
   skill.
   Its strikes trigger the battlesphere's blasts.
Missiles
 b - 1279 stones (quivered)
 C - 14 throwing nets
Armour
 k - a +5 kite shield of protection (worn)
Jewellery
 n - a ring of positive energy
 p - a ring of ice (on tentacle)
 r - a +4 ring of protection (right tentacle)
 u - a +4 ring of protection
 A - a ring of magical power (left tentacle)
 B - an amulet of the acrobat
 D - the amulet of Vitality {Regen+ HP+15}
   (You found it on level 4 of the Shoals)

   [amulet of regeneration]

   HP:        It affects your health (+15).
   Regen:     It increases your rate of health regeneration.
 E - a ring of fire
 N - a ring of wizardry
 O - a ring of protection from cold
 P - a ring of protection from fire (on tentacle)
 T - the ring of the Little Devil (on tentacle) {EV+4 SInv}
   (You acquired it on level 2 of the Vaults)

   [ring of evasion]

   EV:        It affects your evasion (+4).
   SInv:      It lets you see invisible.
 U - the ring of the Briny Deep (on tentacle) {rElec rPois}
   (You found it in a Gauntlet)

   [ring of poison resistance]

   rElec:     It insulates you from electricity.
   rPois:     It protects you from poison.
 V - the ring "Fulydeog" (on tentacle) {rCorr EV+4 Dex+4}
   (You took it off a minotaur in a Gauntlet)

   [ring of evasion]

   EV:        It affects your evasion (+4).
   Dex:       It affects your dexterity (+4).
   rCorr:     It protects you from acid and corrosion.
 X - an amulet of magic regeneration (around mantle)
 Y - an amulet of guardian spirit
 Z - a ring of protection from fire (on tentacle)
Wands
 g - a wand of acid (6)
 m - a wand of mindburst (9)
 t - a wand of flame (51)
 z - a wand of iceblast (26)
 F - a wand of digging (18)
Scrolls
 c - 8 scrolls of enchant weapon
 i - 7 scrolls of fog
 j - 8 scrolls of enchant armour
 o - 9 scrolls of teleportation
 w - 2 scrolls of holy word
 y - 2 scrolls of brand weapon
 K - 2 scrolls of silence {unknown}
 L - 3 scrolls of amnesia
 M - 6 scrolls of blinking
 R - 6 scrolls of fear
 S - 5 scrolls of magic mapping
 W - 14 scrolls of identify
Potions
 a - 4 potions of ambrosia
 e - 4 potions of haste
 f - 20 potions of curing
 h - 3 potions of heal wounds
 q - 6 potions of invisibility
 s - 7 potions of might
 x - 3 potions of magic
 G - 3 potions of berserk rage
 H - 4 potions of resistance
 I - 8 potions of flight
 J - 2 potions of cancellation


   Skills:
 + Level 16.2 Fighting
 + Level 14.9 Dodging
 - Level 2.6 Stealth
 + Level 15.6 Shields
 - Level 9.0 Spellcasting
 * Level 19.5 Conjurations
 + Level 8.6 Necromancy
 - Level 3.0 Translocations
 - Level 1.0 Transmutations
 - Level 3.0 Fire Magic
 - Level 3.0 Air Magic
 * Level 19.5 Earth Magic
 - Level 6.0 Poison Magic


You had 4 spell levels left.
You knew the following spells:

 Your Spells              Type           Power      Damage    Failure   Level
a - Sandblast             Erth           100%       2d20      0%          1
b - Passwall              Tmut/Erth      52%        N/A       1%          2
c - Stone Arrow           Conj/Erth      100%       3d13      0%          3
d - Poisonous Vapours     Pois/Air       74%        N/A       1%          2
e - Iron Shot             Conj/Erth      44%        9d9       1%          6
f - Blink                 Tloc           58%        N/A       3%          2
g - Flame Wave            Conj/Fire      66%        2d12      1%          4
h - Lehudib's Crystal Sp  Conj/Erth      44%        10d11     16%         8
i - Orb of Destruction    Conj           44%        9d12      1%          7

Your spell library contained the following spells:

 Spells                   Type           Power      Damage    Failure   Level
 Magic Dart               Conj           100%       1d8       0%          1
 Foxfire                  Conj/Fire      100%       2x1d9     1%          1
 Corpse Rot               Necr/Air       90%        N/A       1%          2
 Static Discharge         Conj/Air       66%        N/A       1%          2
 Sublimation of Blood     Necr           57%        N/A       1%          2
 Conjure Flame            Conj/Fire      66%        6-21      1%          3
 Mephitic Cloud           Conj/Pois/Air  60%        N/A       1%          3
 Vampiric Draining        Necr           57%        2d10      1%          3
 Hailstorm                Conj/Ice       79%        3d16      1%          4
 Leda's Liquefaction      Hex/Erth       30%        N/A       1%          4
 Petrify                  Tmut/Erth      63%        N/A       1%          4
 Sticky Flame             Conj/Fire      66%        2d8       1%          4
 Apportation              Tloc           58%        N/A       2%          1
 Animate Dead             Necr           28%        N/A       2%          4
 Dispel Undead            Necr           57%        3d20      2%          4
 Beastly Appendage        Tmut           36%        N/A       4%          1
 Spider Form              Tmut/Pois      32%        N/A       5%          3
 Gell's Gravitas          Tloc           29%        N/A       6%          3
 Swiftness                Air            29%        N/A       6%          3
 Teleport Other           Tloc           29%        N/A       6%          3
 Freeze                   Ice            72%        1d9       8%          1
 Slow                     Hex            48%        N/A       8%          1
 Wereblood                Tmut           18%        N/A       8%          2
 Call Imp                 Summ           12%        N/A       11%         2
 Ensorcelled Hibernation  Hex/Ice        36%        N/A       11%         2
 Inner Flame              Hex/Fire       21%        N/A       12%         3
 Portal Projectile        Hex/Tloc       42%        N/A       12%         3
 Call Canine Familiar     Summ           12%        N/A       22%         3
 Confusing Touch          Hex            12%        N/A       22%         3
 Frozen Ramparts          Ice            36%        1d5       22%         3
 Ozocubu's Armour         Ice            18%        N/A       22%         3
 Summon Lightning Spire   Summ/Air       21%        N/A       36%         4
 Ice Form                 Ice/Tmut       23%        N/A       52%         4
 Cause Fear               Hex            6%         N/A       58%         4
 Summon Ice Beast         Ice/Summ       18%        N/A       58%         4
 Fireball                 Conj/Fire      33%        3d14      1%          5
 Iskenderun's Battlesphe  Conj           89%        2d14      1%          5
 Excruciating Wounds      Necr           28%        N/A       6%          5
 Conjure Ball Lightning   Conj/Air       33%        3x3d11    11%         6
 Alistair's Intoxication  Tmut/Pois      21%        N/A       43%         5
 Blade Hands              Tmut           9%         N/A       80%         5
 Yara's Violent Unravell  Hex/Tmut       7%         3d5       86%         5
 Simulacrum               Ice/Necr       26%        N/A       89%         6
 Metabolic Englaciation   Hex/Ice        9%         N/A       90%         5
 Dispersal                Tloc           14%        N/A       97%         6
 Enfeeble                 Hex            6%         N/A       100%        7
 Haunt                    Necr/Summ      18%        N/A       100%        7
 Ozocubu's Refrigeration  Ice            9%         4d6       100%        7
 Storm Form               Tmut/Air       11%        N/A       100%        7
 Summon Hydra             Summ           6%         N/A       100%        7
 Discord                  Hex            6%         N/A       100%        8
 Infestation              Necr           28%        N/A       100%        8
 Maxwell's Capacitive Co  Air            14%        ∞         100%        8
 Animate Armour           Summ/Erth      Unusable   N/A       N/A         4

Dungeon Overview and Level Annotations

Branches:
Dungeon (15/15)            Temple (1/1) D:4            Lair (6/6) D:8
 Shoals (4/4) Lair:4        Snake (4/4) Lair:3        Slime (0/5) Lair:5
    Orc (2/2) D:10            Elf (0/3) Orc:2        Vaults (5/5) D:13
  Crypt (0/3) Vaults:3     Depths (2/4) D:15        Gauntlet (visited)

Altars:
Ashenzari
Dithmenos
Fedhas
Gozag
Hepliaklqana
Kikubaaqudgha
Nemelex Xobeh
Ru
Sif Muna
Wu Jian
Xom
Yredelemnul
Zin
The Shining One
Jiyva

Shops:
D:4 *![=   D:9 [!   D:15 *   Orc:2 ([*:   Shoals:2 *   Snake:2 :(:   Vaults:1 ?
Vaults:3 *

Portals:
Hell: Depths:1

Annotations:
Lair:3 1 runed translucent door, Ynobbehi's ghost, journeyman GrBe
Lair:5 4 runed translucent doors, emiel's ghost, journeyman SpEE
Snake:1 3 runed translucent doors, Gygal Fez's ghost, adept MiFi; Imyeqe's ghost, adept DDFi; Xoujoh's ghost, journeyman MiFi; mif's ghost, journeyman MiBe
Vaults:2 Sojobo
Vaults:5 1 exclusion


Innate Abilities, Weirdness & Mutations

You cannot wear most types of armour.
You are amphibious.
You can wear up to eight rings at the same time.
Your skin changes colour to match your surroundings (Stealth+).
Your rubbery body absorbs attacks. (AC +1, EV +1)
((You are camouflaged when in or above water. (Stealth+)))
You have tentacles for arms and can constrict up to eight enemies at once.


Message History

Item here: 46 gold pieces.
A gateway to Hell, spattered with blood.
Unknown command.
You closely miss the spriggan defender. You grab the spriggan defender.
You squeeze the spriggan defender, but do no damage.
You constrict the spriggan defender.
The spriggan defender closely misses you.
The spriggan defender completely misses you.
Casting: Iron Shot (mildly dangerous; 1% risk of failure)
Confirm with . or Enter, or press ? or * to list all spells.
Aiming: Poisonous Vapours (safe; 1% risk of failure)
Press: ? - help, Dir - move target, f/p - spriggan defender
Aim: a spriggan defender, wielding a +4 demon whip of draining, wearing a +0 robe and wearing a +0 buckler (lightly wounded, constricted by you) Poisonous vapours surround the spriggan defender!
The spriggan defender is poisoned.
You constrict the spriggan defender.
The spriggan defender hits you with a +4 demon whip of draining!!
* * * LOW HITPOINT WARNING * * *
You feel drained.
* * * LOW HITPOINT WARNING * * *
You block the spriggan defender's attack.
You feel very mighty all of a sudden.
You constrict the spriggan defender.
The spriggan defender closely misses you.
A red film seems to cover your vision as you go berserk!
You feel yourself moving faster!
You feel mighty!
You constrict the spriggan defender.
The spriggan defender completely misses you.
The spriggan defender hits you with a +4 demon whip of draining!!
* * * LOW HITPOINT WARNING * * *
You feel drained.
* * * LOW HITPOINT WARNING * * *
You whack the spriggan defender!
The spriggan defender writhes in agony.
You tentacle-slap the spriggan defender!
The spriggan defender is heavily wounded.
You constrict the spriggan defender.
The spriggan defender hits you with a +4 demon whip of draining!
* * * LOW HITPOINT WARNING * * *
You feel drained.
You die...
Your body crumbles into a pile of gold.

#..## #.# ##..# #.#.##
#.#$##.#)#
####.###.###.#### ###
##.......## ### ##.#
#.<...8.#$ #(##
##..######.......######..##
#..).........⌠........[...#
##..######.......######..##
##[# #.8..$@[# #.## ###
##).....i## ###
####.###.###.#### #.#[##
#.# ##.#)# #..## #.# ##..#
#...# #[# #)..# ##### #.#
##### ###.### #[....#


You could see a spriggan defender (very poisoned).

Vanquished Creatures
  Mara (Snake:3)
  Boris (Vaults:3)
  Bai Suzhen (Vaults:1)
  Xtahua (Vaults:3)
  Saint Roka (Snake:3)
  Vashnia (Snake:2)
  Nikola (Shoals:1)
  Rupert (Lair:3)
  2 tentacled monstrosities (Vaults:5)
  Jorgrun (Snake:3)
  Mlioglotl (Shoals:1)
  Polyphemus (Shoals:4)
  Frances (Shoals:1)
  2 krakens
  4 sphinxes
  Donald (Vaults:2)
  3 tengu reavers
  A storm dragon (Vaults:5)
  4 shadow dragons (Vaults:5)
  Ilsuiw (Shoals:2)
  7 nagarajas
  3 orc warlords
  Aizul (Shoals:4)
  14 vault wardens
  7 very ugly things
  5 stone giants
  2 war gargoyles
  20 ironbound preservers
  A vampire knight (Depths:1)
  9 ironbound thunderhulks
  Nessos (D:14)
  Azrael (D:12)
  3 entropy weavers
  A minotaur (Gauntlet)
  A crystal guardian (Vaults:3)
  3 merfolk javelineers
  Josephine (D:10)
  3 merfolk impalers
  11 yaktaur captains
  3 ettins
  5 great orbs of eyes
  22 vault guards
  Harold (D:7)
  10 ironbound frosthearts
  13 hydras
  17 naga warriors
  4 merfolk avatars
  An ogre mage (Vaults:5)
  A peacekeeper (Vaults:3)
  A hell beast (Gauntlet)
  An anaconda (shapeshifter) (Vaults:2)
  15 anacondas
  5 salamander tyrants
  5 catoblepae
  3 boulder beetles
  30 death yaks
  15 centaur warriors
  3 two-headed ogres
  2 death knights (Vaults:3)
  2 satyrs (Shoals:4)
  6 merfolk aquamancers
  3 orc high priests (Orc:2)
  2 tengu warriors
  5 deep troll shamans
  A deep troll earth mage (Depths:1)
  8 shock serpents
  3 spriggan berserkers (Depths:1)
  17 naga sharpshooters
  3 hell knights
  2 sun demons (Shoals:3)
  A shadow wraith (Vaults:1)
  2 skeletal warriors (D:15)
  A storm dragon skeleton (Vaults:5)
  An iron troll (Depths:1)
  A flayed ghost (Depths:1)
  5 sea snakes
  51 deep trolls
  3 salamander mystics
  2 steelbarb worms (shapeshifter)
  11 naga ritualists
  A spark wasp zombie (D:15)
  A sea snake (shapeshifter) (Vaults:4)
  An obsidian statue (Gauntlet)
  12 wizards
  15 ironbound convokers
  6 orc knights
  Pikel (D:7)
  5 lindwurms
  3 necromancers
  A shadow dragon zombie (Vaults:5)
  38 harpies
  2 phantasmal warriors
  A stone giant zombie (D:15)
  7 deep elf pyromancers
  10 mana vipers
  A wolf spider (D:10)
  An oklob plant (Lair:3)
  30 ugly things
  18 manticores
  18 salamanders
  6 orc sorcerers
  4 fauns
  6 cyclopes
  22 elephants
  2 guardian serpents
  19 vault sentinels
  51 black mambas
  7 merfolk sirens
  13 naga magi
  12 cane toads
  13 water nymphs
  2 yaktaur zombies (Vaults:5)
  The ghost of krakenhh the Poker, a novice MfSu (D:5)
  2 unseen horrors (D:13)
  2 freezing wraiths
  A rime drake (Lair:5)
  2 kobold demonologists
  5 efreet
  The ghost of SHADDY the Changer, a novice OpTm of Cheibriados (D:5)
  25 yaktaurs
  14 komodo dragons
  5 tengu conjurers
  3 meliai (D:13)
  A wind drake (shapeshifter) (D:15)
  A tarantella (Vaults:1)
  11 trolls
  21 merfolk
  A polar bear (Lair:6)
  Prince Ribbit (D:9)
  The ghost of carontestyx the Chopper, an amateur FoAK of Lugonu (D:3)
  An ettin zombie (D:15)
  3 hornets
  2 wind drakes
  31 slime creatures
  A tarantella (shapeshifter) (Vaults:2)
  13 dream sheep
  8 snapping turtles
  5 blink frogs
  A centaur simulacrum (D:15)
  Sigmund (D:2)
  2 jumping spiders
  A wyvern (Lair:1)
  2 shadows
  A vampire (D:12)
  36 yaks
  10 wraiths
  17 water elementals
  3 fire elementals (D:12)
  Eustachio (D:4)
  7 basilisks
  3 steam dragons
  4 redbacks
  45 nagas
  3 wargs
  12 vampire mosquitoes
  A hell hound (D:12)
  2 acid dragons (D:14)
  A human skeleton (D:15)
  19 water moccasins
  40 orc warriors
  5 black bears
  An ice beast (D:5)
  A necrophage (D:5)
  5 ogres
  8 wolves
  A boggart (D:15)
  3 lemures (D:7)
  2 phantoms
  12 centaurs
  3 kobold brigands
  Blork the orc (D:4)
  8 bullfrogs
  2 gnoll sergeants
  3 scorpions
  A cane toad simulacrum (Lair:6)
  A water moccasin zombie (D:7)
  A water moccasin skeleton (D:4)
  3 elephant simulacra (Lair:6)
  3 killer bees (D:11)
  5 electric eels
  3 howler monkeys
  A crimson imp (D:5)
  3 centaur zombies
  2 jellies
  24 orc priests
  Crazy Yiuf (D:3)
  A bullfrog skeleton (D:6)
  A gnoll shaman (D:5)
  5 hounds
  Jessica (D:3)
  2 iguanas
  Natasha (thrice) (D:3)
  30 orc wizards
  A scorpion zombie (D:5)
  7 hell rats (Lair:4)
  A wolf simulacrum (Lair:6)
  A hound zombie (D:5)
  A howler monkey zombie (D:7)
  15 gnolls
  7 adders
  A shadow imp (D:6)
  A white imp (D:5)
  2 ufetubi (D:5)
  An adder skeleton (D:4)
  3 worms
  2 dart slugs
  65 orcs
  9 endoplasms
  2 giant cockroaches
  6 goblins
  7 hobgoblins
  8 jackals
  24 kobolds
  3 quokkas
  7 ball pythons
  6 bats
  3 frilled lizards
  5 rats
  4 tentacles
1452 creatures vanquished.

Vanquished Creatures (others)
  An ironbound convoker (Vaults:2)
  A black mamba (Snake:2)
  A wolf spider simulacrum (D:15)
  An orc (Vaults:5)
  8 bushes
  90 fungi
  239 plants
  15 tentacles
  5 withered plants
361 creatures vanquished.

Grand Total: 1813 creatures vanquished

Notes
Turn   | Place    | Note
-------+----------+-------------------------------------------
     0 | D:1      | IcySys the Octopode Earth Elementalist began the quest for
                  | the Orb.
     0 | D:1      | Reached XP level 1. HP: 11/11 MP: 3/3
   293 | D:1      | Reached XP level 2. HP: 8/17 MP: 3/5
  1048 | D:1      | Reached XP level 3. HP: 21/21 MP: 6/6
  1701 | D:2      | Learned a level 2 spell: Passwall
  1705 | D:2      | Learned a level 3 spell: Stone Arrow
  1836 | D:2      | Reached XP level 4. HP: 19/27 MP: 7/7
  2159 | D:2      | Found a faded altar of an unknown god.
  2433 | D:2      | Noticed Sigmund
  2799 | D:3      | Noticed Jessica
  2837 | D:2      | Reached skill level 5 in Earth Magic
  2949 | D:3      | Noticed Natasha
  3076 | D:3      | Killed Natasha
  3077 | D:3      | Reached XP level 5. HP: 29/31 MP: 5/9
  3115 | D:3      | Learned a level 2 spell: Poisonous Vapours
  3127 | D:3      | Killed Jessica
  3128 | D:3      | Reached skill level 1 in Poison Magic
  3264 | D:3      | Noticed Natasha
  3266 | D:3      | Killed Natasha
  3267 | D:3      | Reached skill level 1 in Air Magic
  3315 | D:3      | Noticed Natasha
  3428 | D:3      | Killed Natasha
  3576 | D:3      | Found a runed translucent door.
  3577 | D:3      | Noticed Crazy Yiuf
  3781 | D:4      | Noticed Blork the orc
  4001 | D:4      | Identified 2 scrolls of acquirement
  4001 | D:4      | Acquired a +2 kite shield of protection
  4002 | D:4      | Acquired a staff of poison
  4011 | D:4      | Noticed Eustachio
  4512 | D:4      | Reached XP level 6. HP: 36/36 MP: 1/10
  4699 | D:4      | Killed Blork the orc
  4939 | D:4      | Found a runed translucent gate.
  4939 | D:4      | Found a runed translucent gate.
  4939 | D:4      | Found a runed translucent gate.
  4940 | D:4      | Noticed carontestyx's ghost (amateur FoAK)
  5313 | D:4      | Reached skill level 1 in Shields
  5937 | D:4      | Found Jaciteol's Assorted Antiques.
  5976 | D:4      | Found a staircase to the Ecumenical Temple.
  5983 | D:4      | Reached XP level 7. HP: 41/41 MP: 7/11
  6014 | Temple   | Entered the Ecumenical Temple
  6037 | Temple   | Became a worshipper of Gozag Ym Sagoz the Greedy
  6309 | D:4      | Found Jaciteol's Assorted Antiques.
  6355 | D:4      | Found a staircase to the Ecumenical Temple.
  6441 | D:4      | Killed Eustachio
  7091 | D:5      | Entered Level 5 of the Dungeon
  7550 | D:5      | Noticed SHADDY's ghost (novice OpTm)
  7552 | D:5      | Found a runed translucent gate.
  7556 | D:5      | Found a runed translucent gate.
  7556 | D:5      | Found a runed translucent gate.
  7917 | D:5      | Reached XP level 8. HP: 47/47 MP: 5/12
  8020 | D:5      | Reached skill level 1 in Fighting
  8103 | D:5      | Reached skill level 1 in Conjurations
  8621 | D:6      | Noticed a hornet
  9661 | D:5      | Reached skill level 5 in Poison Magic
 10100 | D:6      | Reached skill level 5 in Shields
 10102 | D:6      | Killed a hornet
 10103 | D:6      | Reached XP level 9. HP: 54/54 MP: 0/15
 10889 | D:6      | Found a runed translucent gate.
 10889 | D:6      | Found a runed translucent gate.
 10899 | D:6      | Found a runed translucent gate.
 10900 | D:6      | Noticed krakenhh's ghost (novice MfSu)
 11112 | D:7      | Noticed Harold
 11783 | D:7      | Killed Harold
 11862 | D:7      | Noticed Pikel
 12196 | D:7      | Killed Pikel
 12456 | D:7      | Found a glowing silver altar of Zin.
 13112 | D:7      | Noticed a hornet
 13121 | D:7      | Killed a hornet
 13122 | D:7      | Reached skill level 5 in Conjurations
 13122 | D:7      | Reached XP level 10. HP: 47/63 MP: 1/16
 14057 | D:2      | Killed Sigmund
 14280 | D:3      | Killed Crazy Yiuf
 14416 | D:3      | Killed carontestyx's ghost
 14417 | D:3      | Reached skill level 5 in Dodging
 14703 | D:5      | Killed SHADDY's ghost
 14982 | D:5      | Killed krakenhh's ghost
 16108 | D:8      | Noticed a boulder beetle
 16212 | D:8      | Reached skill level 5 in Fighting
 16706 | D:9      | Identified the +0 robe of the Hall of Blades {Dex+2}
 16734 | D:9      | Noticed a kobold demonologist
 17152 | D:9      | Noticed a rust devil
 17322 | D:9      | Killed a kobold demonologist
 17411 | D:9      | Found Deuloiho's Armour Shoppe.
 17765 | D:9      | Reached XP level 11. HP: 61/72 MP: 4/17
 18036 | D:9      | Noticed Prince Ribbit
 18048 | D:9      | Killed Prince Ribbit
 18433 | D:9      | Found Vukhleq's Distillery.
 18513 | D:9      | Bought a potion of resistance for 150 gold pieces
 18513 | D:9      | Bought a potion of flight for 45 gold pieces
 18513 | D:9      | Bought 2 potions of cancellation for 240 gold pieces
 18612 | D:10     | Entered Level 10 of the Dungeon
 19048 | D:10     | Noticed Josephine
 19227 | D:10     | Killed Josephine
 19452 | D:10     | Reached skill level 5 in Spellcasting
 20295 | D:10     | Noticed a wolf spider
 20300 | D:10     | Killed a wolf spider
 20699 | D:10     | Learned a level 6 spell: Iron Shot
 20845 | D:10     | Noticed a manticore
 20853 | D:10     | Killed a manticore
 21219 | D:10     | Found a staircase to the Orcish Mines.
 22523 | D:11     | Noticed a five-headed hydra
 22622 | D:11     | Killed a five-headed hydra
 22623 | D:11     | Reached XP level 12. HP: 80/80 MP: 13/20
 23562 | D:8      | Found a staircase to the Lair.
 23967 | D:8      | Killed a boulder beetle
 24977 | D:8      | Found a staircase to the Lair.
 25492 | Lair:1   | Entered Level 1 of the Lair of Beasts
 27702 | Lair:2   | Reached skill level 10 in Earth Magic
 28142 | Lair:3   | Noticed a death yak
 28147 | Lair:3   | Noticed a death yak
 28150 | Lair:3   | Noticed a death yak
 28412 | Lair:3   | Noticed Rupert
 29233 | Lair:3   | Noticed a seven-headed hydra
 29249 | Lair:2   | Reached XP level 13. HP: 71/86 MP: 9/22
 29762 | Lair:3   | Found a staircase to the Snake Pit.
 31190 | Lair:4   | Found a gate leading to a gauntlet.
 31199 | Lair:4   | Reached skill level 10 in Conjurations
 31203 | Gauntlet | Entered a Gauntlet
 31203 | Gauntlet | Found a transporter.
 31203 | Gauntlet | Found a transporter.
 31263 | Gauntlet | Found a transporter.
 31263 | Gauntlet | Found a transporter.
 31266 | Gauntlet | Found a transporter.
 31277 | Gauntlet | Found a transporter.
 31304 | Gauntlet | Found a transporter.
 31305 | Gauntlet | Found a transporter.
 31364 | Gauntlet | Found a transporter.
 31374 | Gauntlet | Found a transporter.
 31389 | Gauntlet | Found a transporter.
 31399 | Gauntlet | Found a transporter.
 31418 | Gauntlet | Found the +3 robe of Clouds {*Thunder rCloud rElec}
 31478 | Gauntlet | Identified the ring of Mudioga {Fire Int+6 Stlth-}
 31668 | Gauntlet | Identified the ring of the Briny Deep {rElec rPois}
 31671 | Gauntlet | Got the Handbook of Displaced Dark Secrets
 31677 | Gauntlet | Identified the ring "Fulydeog" {rCorr EV+4 Dex+4}
 31677 | Gauntlet | Noticed a minotaur
 31687 | Gauntlet | Killed a minotaur
 31840 | Lair:4   | Found a staircase to the Shoals.
 32379 | Lair:2   | Learned a level 2 spell: Blink
 32671 | Lair:3   | Found a runed translucent door.
 32672 | Lair:3   | Noticed Ynobbehi's ghost (journeyman GrBe)
 33086 | Lair:3   | Reached skill level 1 in Translocations
 34099 | Lair:3   | Paralysed by Rupert for 2 turns
 34561 | Lair:4   | Reached XP level 14. HP: 95/95 MP: 15/25
 35257 | Lair:4   | Reached skill level 10 in Shields
 36729 | Lair:5   | Found a runed translucent door.
 36731 | Lair:5   | Found a viscous altar of Jiyva.
 36731 | Lair:5   | Noticed an acid blob
 36845 | Lair:5   | Found a runed translucent gate.
 36845 | Lair:5   | Found a runed translucent gate.
 36845 | Lair:5   | Found a runed translucent gate.
 36846 | Lair:5   | Noticed emiel's ghost (journeyman SpEE)
 36929 | Lair:5   | Found a staircase to the Slime Pits.
 37516 | Lair:6   | Entered Level 6 of the Lair of Beasts
 37757 | Lair:6   | Found a frozen archway.
 38899 | Lair:5   | Found a runed translucent door.
 38901 | Lair:5   | Found a viscous altar of Jiyva.
 38901 | Lair:5   | Found a staircase to the Slime Pits.
 39105 | Lair:5   | Found a runed translucent gate.
 39105 | Lair:5   | Found a runed translucent gate.
 39105 | Lair:5   | Found a runed translucent gate.
 42239 | Lair:6   | Reached XP level 15. HP: 92/101 MP: 0/27
 43268 | Lair:6   | Learned a level 4 spell: Flame Wave
 44019 | Lair:6   | Reached skill level 1 in Fire Magic
 44759 | Lair:6   | Identified the +5 scale mail of Youthful Indiscretion {Harm
                  | Int-2 Dex+4}
 44842 | Lair:3   | Reached skill level 10 in Dodging
 45181 | Lair:3   | Killed Rupert
 45578 | Orc:1    | Entered Level 1 of the Orcish Mines
 46322 | Orc:2    | Entered Level 2 of the Orcish Mines
 47037 | Orc:2    | Found a staircase to the Elven Halls.
 48362 | Orc:2    | Paralysed by an orc sorcerer for 3 turns
 49849 | Orc:2    | Noticed an orc warlord
 50012 | Orc:2    | Killed an orc warlord
 50390 | Orc:2    | Found Hudgheuro's Antique Armour Boutique.
 50391 | Orc:2    | Found Daifoext's Antique Weapon Boutique.
 50393 | Orc:2    | Found Uwufuruo's General Store.
 50393 | Orc:2    | Found Ecotobb's Book Shop.
 50887 | Orc:2    | Found a staircase to the Elven Halls.
 50973 | Orc:2    | Found Hudgheuro's Antique Armour Boutique.
 50974 | Orc:2    | Found Daifoext's Antique Weapon Boutique.
 50976 | Orc:2    | Found Uwufuruo's General Store.
 50976 | Orc:2    | Found Ecotobb's Book Shop.
 51364 | D:4      | Bought a potion of heal wounds for 140 gold pieces
 51366 | D:4      | Bought a potion of curing for 36 gold pieces
 51366 | D:4      | Bought 2 potions of invisibility for 192 gold pieces
 51366 | D:4      | Bought a potion of haste for 120 gold pieces
 51371 | D:4      | Bought an amulet of magic regeneration for 540 gold pieces
 51806 | D:12     | Reached skill level 10 in Fighting
 51913 | D:12     | Noticed Azrael
 51927 | D:12     | Killed Azrael
 53531 | D:13     | Reached XP level 16. HP: 86/109 MP: 16/29
 53757 | D:13     | Found a gate to the Vaults.
 54766 | D:14     | Noticed Nessos
 55025 | D:14     | Killed Nessos
 55271 | D:14     | Found a blossoming altar of Fedhas.
 56071 | D:15     | Entered Level 15 of the Dungeon
 56222 | D:15     | Found a staircase to the Depths.
 57965 | Snake:1  | Entered Level 1 of the Snake Pit
 58150 | Snake:1  | Found a runed translucent gate.
 58150 | Snake:1  | Found a runed translucent gate.
 58150 | Snake:1  | Found a runed translucent gate.
 58319 | Snake:1  | Noticed Xoujoh's ghost (journeyman MiFi)
 58319 | Snake:1  | Noticed Gygal Fez's ghost (adept MiFi)
 58975 | Snake:1  | Identified the +3 whip "Wehonisu" {pain, Will+ Stlth+}
 59220 | Snake:1  | Reached XP level 17. HP: 112/117 MP: 27/30
 59592 | Snake:1  | Noticed Imyeqe's ghost (adept DDFi)
 59592 | Snake:1  | Noticed mif's ghost (journeyman MiBe)
 59863 | Snake:2  | Reached skill level 15 in Conjurations
 60931 | Snake:2  | Found a glowing golden altar of the Shining One.
 61125 | Snake:2  | Noticed Vashnia
 61603 | Snake:2  | Found Oghev's Book Emporium.
 61603 | Snake:2  | Found Liot's Antique Weapon Shoppe.
 61607 | Snake:2  | Found Tostrumac's Book Emporium.
 62608 | Snake:2  | Found a glowing golden altar of the Shining One.
 63001 | Snake:2  | Killed Vashnia
 63765 | Snake:2  | Found Oghev's Book Emporium.
 63767 | Snake:2  | Found Liot's Antique Weapon Shoppe.
 63769 | Snake:2  | Found Tostrumac's Book Emporium.
 64651 | Snake:3  | Noticed Mara
 64746 | Snake:3  | Noticed IcySys's illusion
 65097 | Snake:3  | Reached skill level 15 in Earth Magic
 65599 | Snake:3  | Killed Mara
 65840 | Snake:3  | Noticed Saint Roka
 67188 | Snake:3  | Noticed Jorgrun
 67195 | Snake:3  | Killed Jorgrun
 67415 | Snake:3  | Killed Saint Roka
 68033 | Snake:4  | Entered Level 4 of the Snake Pit
 68274 | Shoals:1 | Entered Level 1 of the Shoals
 68375 | Shoals:1 | Reached XP level 18. HP: 100/129 MP: 29/31
 68710 | Shoals:1 | Noticed Nikola
 68721 | Shoals:1 | Killed Nikola
 68786 | Shoals:1 | Noticed Frances
 69138 | Shoals:1 | Killed Frances
 69505 | Shoals:1 | Noticed Mlioglotl
 69579 | Shoals:1 | Killed Mlioglotl
 69942 | Shoals:2 | Noticed Ilsuiw
 70455 | Shoals:2 | Found Ryej's General Store.
 70494 | Shoals:2 | Bought a scroll of fear for 56 gold pieces
 71899 | Shoals:2 | Identified the +5 battleaxe of Superiority {freeze, Will-
                  | Int+4 Dex+6 Stlth+}
 72396 | Shoals:2 | Found Ryej's General Store.
 72763 | Shoals:2 | Killed Ilsuiw
 74276 | Shoals:4 | Entered Level 4 of the Shoals
 74914 | Shoals:4 | Noticed Aizul
 74920 | Shoals:4 | Killed Aizul
 74921 | Shoals:4 | Reached skill level 1 in Necromancy
 75598 | Snake:2  | Bought a book of Armaments for 396 gold pieces
 75607 | Snake:2  | Learned a level 8 spell: Lehudib's Crystal Spear
 76462 | Snake:4  | Reached XP level 19. HP: 136/136 MP: 29/32
 76644 | Snake:4  | Identified the +9 whip of the Arena {vorpal, rC+ rN+}
 78139 | Snake:4  | Identified the +3 mace of the Traitor {elec, rN+ MP-9
                  | Dex+4}
 80221 | Snake:4  | Got a serpentine rune of Zot
 81120 | Shoals:4 | Got a barnacled rune of Zot
 81774 | Shoals:4 | Found the amulet of Vitality {Regen+ HP+15}
 82500 | Shoals:4 | Noticed Polyphemus
 82630 | Shoals:4 | Killed Polyphemus
 83452 | Vaults:1 | Entered Level 1 of the Vaults
 84419 | Vaults:1 | Reached XP level 20. HP: 117/144 MP: 1/33
 85120 | Vaults:1 | Found Viahick's Magic Scroll Emporium.
 85129 | Vaults:1 | Bought a scroll of teleportation for 57 gold pieces
 85129 | Vaults:1 | Bought a scroll of teleportation for 57 gold pieces
 85435 | Vaults:1 | Reached skill level 5 in Necromancy
 85803 | Vaults:1 | Reached skill level 15 in Fighting
 87186 | Vaults:1 | Acquired the +0 staff of Battle
 87186 | Vaults:1 | Found the +0 staff of Battle
 87260 | Vaults:2 | Found a flickering gateway to a bazaar.
 87279 | Bazaar   | Entered a bazaar
 87279 | Bazaar   | Found Fystuk's Distillery.
 87279 | Bazaar   | Found Guilayl's Magic Scroll Shop.
 87279 | Bazaar   | Found Neuveump's Assorted Antiques.
 87279 | Bazaar   | Found Zorog's Antique Weapon Boutique.
 87279 | Bazaar   | Found Uwkiyc's General Store.
 87421 | Bazaar   | Bought a scroll of acquirement for 624 gold pieces
 87421 | Bazaar   | Bought a scroll of teleportation for 36 gold pieces
 87421 | Bazaar   | Bought a scroll of fear for 42 gold pieces
 87421 | Bazaar   | Bought a scroll of teleportation for 36 gold pieces
 87423 | Bazaar   | Bought a potion of heal wounds for 55 gold pieces
 87423 | Bazaar   | Bought a potion of curing for 33 gold pieces
 87423 | Bazaar   | Bought a potion of invisibility for 88 gold pieces
 87423 | Bazaar   | Bought a potion of magic for 88 gold pieces
 87423 | Bazaar   | Bought a potion of resistance for 110 gold pieces
 87423 | Bazaar   | Bought a potion of curing for 33 gold pieces
 87428 | Bazaar   | Bought 3 scrolls of enchant armour for 472 gold pieces
 87428 | Bazaar   | Bought a scroll of fog for 42 gold pieces
 87434 | Bazaar   | Bought a transparent short sword for 160 gold pieces
 87434 | Bazaar   | Identified the +8 short sword of Zoseitt {drain, rPois rC-
                  | Will+ Dex+5} (You bought it in a shop in a bazaar)
 87438 | Bazaar   | Bought a scroll of enchant armour for 90 gold pieces
 88192 | Vaults:2 | Noticed Bai Suzhen
 88221 | Vaults:1 | Killed Bai Suzhen
 89536 | Vaults:2 | Noticed Donald
 89542 | Vaults:2 | Killed Donald
 90136 | Vaults:2 | Noticed Sojobo
 90260 | Vaults:2 | Acquired the ring of the Little Devil {EV+4 SInv}
 90683 | Vaults:2 | Reached XP level 21. HP: 111/151 MP: 2/34
 91699 | Vaults:2 | Reached skill level 15 in Shields
 92350 | Vaults:2 | Paralysed by an air elemental for 1 turns
 92671 | Vaults:3 | Noticed Xtahua
 92677 | Vaults:3 | Killed Xtahua
 92917 | Vaults:3 | You fall into a shaft and drop 1 floor!
 93461 | Vaults:4 | Identified the +7 hand crossbow of Honour {penet, Fly
                  | Will+}
 95912 | Vaults:3 | Found a staircase to the Crypt.
 96229 | Vaults:3 | Found Jeut's General Store.
 96230 | Vaults:3 | Noticed Boris
 96245 | Vaults:3 | Killed Boris
 96304 | Vaults:3 | Bought a potion of heal wounds for 100 gold pieces
 96304 | Vaults:3 | Bought a scroll of fog for 40 gold pieces
 97601 | Vaults:4 | Reached XP level 22. HP: 159/159 MP: 27/35
 97711 | Vaults:5 | Entered Level 5 of the Vaults
 98210 | Vaults:5 | Learned a level 7 spell: Orb of Destruction
 99549 | Vaults:5 | HP: 2/153 [yaktaur captain (13)]
 99962 | Vaults:5 | Got the Grimoire of the Hills
 99971 | Vaults:5 | Got a silver rune of Zot
100410 | Vaults:5 | Identified the +8 scale mail of Raunigh {rF++ Dex+4}
100523 | Vaults:5 | Noticed a dread lich
100578 | Vaults:5 | Noticed a golden dragon
100579 | Vaults:5 | Noticed a dread lich
100934 | Depths:1 | Entered Level 1 of the Depths
100934 | Depths:1 | Found a gateway to Hell.
101468 | Depths:1 | Identified the +0 plate armour of the Learner {Harm rC+
                  | Str+2 Stlth+}
101484 | Depths:2 | Found a shimmering altar of Xom.
102511 | Depths:1 | HP: 5/199 [spriggan defender/+4 demon whip of draining
                  | (16)]
102511 | Depths:1 | Slain by a spriggan defender

Illustrated notes

Levels and vault maps discovered:
D:1:      dpeg_arrival_oval, layout_basic, grunt_decor_one_mirror
D:2:      layout_rooms, shapermc_ecumenical_altar_totnotflames,
          kennysheep_generic_room_4, uniq_sigmund
D:3:      layout_rooms, uniq_jessica, uniq_natasha, uniq_crazy_yiuf_cottage
D:4:      layout_gridville, minmay_temple_entry_hall,
          gammafunk_ghost_nasty_kobolds, serial_shops, shop, uniq_blork_the_orc,
          uniq_eustachio
D:5:      layout_basic, gammafunk_ghost_split, minmay_fire_ice_demons
D:6:      layout_cave_pools, ebering_ghost_rock_garden, serial_bayou_crossing
D:7:      layout_basic, lemuel_tele_altar, grunt_decor_junction, uniq_harold,
          uniq_pikel
D:8:      layout_cave_pods, grunt_lair_entry_orc_guard_hut, serial_glass,
          glass_columns_b, glass_columns_c, dk_noncrumbling_2, kb_rosetta
D:9:      layout_roguey, serial_shops, nicolae_shop_waterfront,
          kennysheep_mini_moat, dk_rats_in_the_wall, uniq_prince_ribbit1
D:10:     layout_basic, david_orc_4, uniq_josephine
D:11:     layout_gridville
D:12:     layout_basic, uniq_azrael
D:13:     cheibrodos_ideogram_h, layout_basic, david_vaults_2
D:14:     layout_long_grid, fedhas_altar_3, chequers_hall_statues_wall_a,
          kennysheep_generic_room_16, uniq_nessos
D:15:     gammafunk_depths_entry_grave, layout_cave_pools, chequers_garden,
          drop_trap, evilmike_minifort
Temple:   compressed_dpeg_circular_temple
Lair:1:   layout_misc_corridors, infiniplex_staircase_pool
Lair:2:   layout_small_grid, serial_bayou_ford_a, guppyfry_lair_drakes
Lair:3:   nzn_winding_woodlands_small [nzn_winding_woodlands_5x15_parted,
          nzn_winding_woodlands_center_garden,
          nzn_winding_woodlands_5x15_pockets], layout_chaotic_city,
          minmay_snake_entry_six_corridors, gammafunk_ghost_grave,
          nicolae_lair_grazing_beasts [nicolae_sub_lair_graze_edge,
          nicolae_sub_lair_graze_edge, nicolae_sub_lair_graze_edge,
          nicolae_sub_lair_graze_edge], uniq_rupert
Lair:4:   layout_loops_ring, shoals_dummy_entry, gauntlet_entry_generic,
          grunt_megastairs_1
Lair:5:   layout_hall_layers, slime_altar_2, gammafunk_ghost_necromancy,
          st_stairs_12, nicolae_quartered_pool_impasse
Lair:6:   grunt_lair_end_beastmaster, layout_layer_cave,
          portal_ice_cave_entry_ice_simulacra, lemuel_fruit_tree
Shoals:1: layout_shoals, uniq_nikola, uniq_mlioglotl, uniq_frances
Shoals:2: layout_shoals, serial_shops, nicolae_stop_n_shop_2, uniq_ilsuiw
Shoals:3: layout_shoals, nicolae_shoals_sun_and_surf
Shoals:4: shoals_end_hangedman, layout_shoals, uniq_polyphemus, uniq_aizul
Snake:1:  layout_concentric_octagons, gammafunk_ghost_cemetery
Snake:2:  layout_chambers, basic_altar, minmay_shop_star, uniq_vashnia
Snake:3:  layout_misc_corridors, nicolae_coiled_stairwell_up, uniq_mara,
          uniq_saint_roka, uniq_jorgrun
Snake:4:  grunt_snake_rune_serpentine_throne, layout_basic, serial_bayou_shore_b
Orc:1:    layout_caves
Orc:2:    st_orc_congregation, layout_diamond_mine
Vaults:1: ontoclasm_vaults_spin, vaults_room_pools,
          nicolae_vaults_border_crossing, nicolae_vaults_disjoint_gnomons,
          vaults_mumra_chevron, nicolae_vaults_minivaults, v_misc_29,
          ontoclasm_vaults_tryst, v_rooms_2, nicolae_vaults_little_squares_3,
          nicolae_vaults_three_branches, layout_vaults_omnibox, serial_shops,
          nicolae_shop_crystal
Vaults:2: serial_ice_m, nicolae_vaults_network_s, nicolae_vaults_ninety_degrees,
          ontoclasm_vaults_hangar, nicolae_vaults_asterisk, v_misc_17,
          hangedman_vaults_nails, hangedman_vaults_corner, nicolae_vaults_theta,
          st_cells, nicolae_vaults_network_periphery, layout_vaults_big_room,
          serial_shops, freezing_bzr, uniq_sojobo, uniq_bai_suzhen, uniq_donald
Vaults:3: ontoclasm_vaults_claustrophobia, vaults_dpeg_hooks,
          nicolae_vaults_know_your_exits, v_misc_31,
          hangedman_vaults_restitches, v_rooms_5, v_misc_8, vaults_dpeg_cross,
          blue_anna_dwarven_crypt, ontoclasm_vaults_gateway,
          nicolae_vaults_bisected_slash, vaults_dpeg_doors,
          layout_vaults_omnicross, serial_shops, nicolae_shop_behind_doors,
          uniq_boris, uniq_xtahua
Vaults:4: v_misc_15, v_misc_28, nicolae_vaults_gold_heap, v_misc_3,
          nicolae_vaults_sealed_display, st_check, vaults_room_fancy_cross,
          ontoclasm_vaults_hangar, ontoclasm_vaults_idyll,
          layout_vaults_maze_snakey
Vaults:5
Depths:1: minmay_inside_and_out, layout_cave_pools, enter_ziggurat_e,
          hell_entry, nicolae_ru_great_annihilating_truth, minmay_shop_grove
Depths:2: minmay_sliced_demisemicircle, layout_gridlike, rand_demon_pan_entry_4,
          xom_teletrap_fun, hell_entry, worldfamousw_hep_ancestral_shrine,
          infiniplex_staircase_zigzag_3, grunt_megastairs_3

Skill      XL: |  1  2  3  4  5  6  7  8  9 10 11 12 13 14 15 16 17 18 19 20 21 22 |
---------------+-------------------------------------------------------------------+-----
Earth Magic    | 4 5 7 9 10 11 12 13 15 16 17 18 19 | 19.5
Spellcasting   | 3 4 5 6 7 8 9 |  9.0
Poison Magic   | 2 4 5 6 |  6.0
Air Magic      | 1 2 3 |  3.0
Shields        | 2 4 5 6 7 8 9 10 11 12 13 14 15 | 15.6
Fighting       | 2 4 5 6 7 8 9 10 11 13 14 15 16 | 16.2
Conjurations   | 3 5 6 7 9 10 12 13 14 15 16 17 18 19 | 19.5
Dodging        | 3 4 5 7 8 9 10 11 12 13 14 | 14.9
Translocations | 2 3 |  3.0
Fire Magic     | 3 |  3.0
Necromancy     | 2 4 6 7 8 |  8.6
Stealth        | |  2.6
Transmutations | |  1.0

Action                   |  1- 3 |  4- 6 |  7- 9 | 10-12 | 13-15 | 16-18 | 19-21 | 22-24 || total
-------------------------+-------+-------+-------+-------+-------+-------+-------+-------++-------
Melee: Unarmed           |    22 |       |       |       |       |       |       |       ||    22
       Tentacles         |    18 |    12 |    15 |    19 |    21 |    11 |    42 |    45 ||   183
       Constrict         |    16 |    18 |    12 |    12 |    12 |     5 |    14 |    17 ||   106
       Dagger            |    43 |    52 |       |       |       |       |       |       ||    95
       Punch             |     1 |       |     1 |     4 |     2 |     2 |     4 |     4 ||    18
       Staff             |       |    23 |    30 |       |       |       |       |       ||    53
       Short sword       |       |       |    32 |    87 |    51 |    29 |       |       ||   199
       Whip              |       |       |       |       |       |     7 |    73 |    87 ||   167
Throw: Throwing net      |       |       |     1 |       |       |       |       |       ||     1
       Dart              |       |       |       |    13 |    11 |     9 |       |       ||    33
       Stone             |       |       |       |       |       |    16 |    20 |       ||    36
 Cast: Sandblast         |     9 |    26 |    28 |    25 |       |       |       |       ||    88
       Poisonous Vapours |       |    44 |   127 |   275 |   160 |    84 |    49 |     9 ||   748
       Stone Arrow       |       |       |    41 |   222 |   547 |   309 |   222 |    31 ||  1372
       Passwall          |       |       |       |     2 |     3 |    11 |     6 |       ||    22
       Iron Shot         |       |       |       |       |   167 |   599 |   829 |   155 ||  1750
       Blink             |       |       |       |       |       |     1 |       |     1 ||     2
       Orb of Destructio |       |       |       |       |       |       |       |    29 ||    29
Invok: Call Merchant     |       |       |       |       |     3 |     1 |       |       ||     4
Evoke: Wand              |       |     3 |       |     9 |     1 |     4 |       |     1 ||    18
  Use: Scroll            |       |     5 |     7 |     2 |    17 |     2 |    13 |     2 ||    48
       Potion            |       |       |       |       |     4 |     5 |     1 |    14 ||    24
 Stab: Sleeping          |     7 |     5 |       |       |       |       |       |       ||    12
       Distracted        |     1 |       |       |       |       |       |     1 |     1 ||     3
Armor: Skin              |     2 |    20 |    27 |    56 |    49 |    53 |    69 |     9 ||   285
Dodge: Dodged            |    39 |    50 |    80 |   164 |   192 |   227 |   440 |   165 ||  1357
Block: Buckler           |       |     5 |    33 |       |       |       |       |       ||    38
       Kite shield       |       |       |    18 |   193 |   289 |   332 |   574 |   169 ||  1575
